 Dungeon Crawl Stone Soup version 0.14.0-12-g87ee3b7 (webtiles) character file.

229 Ragg the Covered (level 5, -2/33 HPs)
             Began as a Gargoyle Fighter on Apr 16, 2014.
             Slain by ant87's ghost (8 damage)
             ... on Level 3 of the Dungeon.
             The game lasted 00:06:57 (2331 turns).

Ragg the Covered (Gargoyle Fighter)                 Turns: 2331, Time: 00:06:57

HP  -2/33        AC 11     Str 19      XL: 5   Next: 26%
MP   5/5         EV  6     Int 10      God:
Gold 85          SH 18     Dex  9      Spells:  0 memorised,  4 levels left

rFire  . . .     SeeInvis .     l - +0,+2 mace (drain)
rCold  . . .     Clarity  .     f - +0 scale mail
rNeg   + . .     Conserve .     c - +0 shield
rPois  +         rCorr    .     (no helmet)
rElec  +         rRot     +     (no cloak)
SustAb . .       Spirit   .     (no gloves)
rMut   .         Warding  .     (no boots)
Saprov . . .     Stasis   .     (no amulet)
MR     .....                    (no ring)
                                (no ring)

@: not resistant to hostile enchantments, extremely unstealthy
A: life protection 1, electricity resistance, unbreathing, petrification
resistance, AC +4
a: no special abilities


You were on level 3 of the Dungeon.
You were not hungry.

You visited 1 branch of the dungeon, and saw 3 of its levels.

You collected 85 gold pieces.

Inventory:

Hand weapons
 l - a +0,+2 mace of draining (weapon)
Missiles
 i - 83 stones (quivered)
Armour
 c - a +0 shield (worn)
 f - a +0 scale mail (worn)
Comestibles
 a - 2 meat rations
 d - 2 bread rations
 m - a choko
Scrolls
 k - 3 scrolls of remove curse
 p - a scroll of recharging {unknown}
 q - a scroll of enchant weapon I {unknown}
 r - a scroll of blinking
Jewellery
 g - an uncursed ring of teleportation
 j - an uncursed ring of ice
Potions
 b - 2 potions of curing
 e - 3 potions of might
 h - a potion of haste
 n - a potion of berserk rage {unknown}
 o - a potion of restore abilities {unknown}


   Skills:
 + Level 4.2 Fighting
 + Level 3.0 Maces & Flails
 + Level 4.4 Armour
 + Level 4.3 Shields


You had 4 spell levels left.
You didn't know any spells.

Dungeon Overview and Level Annotations

Branches:
Dungeon (3/15)

Altars:
Fedhas
Zin

Shops:
D:2 *

Annotations:
D:3 ant87's ghost, average HuGl


Innate Abilities, Weirdness & Mutations

You are resistant to torment.
You are immune to poison.
You are immune to rotting.
Your stone body is very resilient (AC +4).
You resist negative energy.
You are resistant to electric shocks.
You can survive without breathing.
You are immune to petrification.


Message History

e - 3 potions of might (gained 1)
You start waiting.
Eating a chunk of giant cockroach flesh.
This raw flesh tastes terrible.
You continue eating. x2
All of the chunks of flesh in your inventory have completely rotted away.
Ant87's ghost (average Human Gladiator) comes into view.
You see here a choko.
m - a choko Ant87's ghost turns its malevolent gaze towards you.
Found a scroll of blinking.
r - a scroll of blinking An adder comes into view.
Ant87's ghost hits you!
You hit ant87's ghost but do no damage. You block ant87's ghost's attack.
You hit ant87's ghost but do no damage. Ant87's ghost hits you!
Ant87's ghost hits you!
* * * LOW HITPOINT WARNING * * *
You completely miss ant87's ghost. Ant87's ghost hits you!
You die...

... #.# #.### .. #.# #.## #...#
.#.#.#.# #.# #..# #.#.#
.......###.############.# ##.#.#
#.#.#.#.##..............##....#..
.......##..................######
.#.#.#.##..#####..#####.##.......
......###..# #p.# #.# ###..#.
#.#.#......# #@.# ##.## #....
......###.## #S.# #...####...#
.#.#..# #.# #..# #......##..#
....#.# #.# #.## #...##......
#####.# #.# #.# ##..[).....# #.#
#.# #.# ######.#### ... #.. ...
#.# # #p# #.. #.. #.# # ... .
...# #.####


You could see ant87's ghost and an adder.

Vanquished Creatures
  2 adders (D:2)
  8 gnolls (D:2)
  A giant gecko (D:2)
  4 oozes
  3 orcs (D:3)
  3 giant cockroaches
  2 giant mites
  10 hobgoblins
  2 jackals (D:2)
  A quokka (D:2)
  2 ball pythons (D:1)
  7 bats
  6 giant newts
  7 goblins
  10 kobolds
  5 rats
73 creatures vanquished.

Notes
Turn   | Place    | Note
--------------------------------------------------------------
     0 | D:1      | Ragg, the Gargoyle Fighter, began the quest for the Orb.
     0 | D:1      | Reached XP level 1. HP: 14/14 MP: 1/1
    79 | D:1      | Reached XP level 2. HP: 16/19 MP: 2/2
   372 | D:1      | Reached XP level 3. HP: 14/23 MP: 3/3
   903 | D:2      | Found Zin's Purification Station.
   923 | D:2      | Reached skill level 4 in Shields
   949 | D:2      | Reached XP level 4. HP: 12/29 MP: 4/4
  1094 | D:2      | Found a glowing silver altar of Zin.
  1209 | D:2      | Found a blossoming altar of Fedhas.
  1488 | D:2      | Reached XP level 5. HP: 25/33 MP: 5/5
  2308 | D:3      | Noticed ant87's ghost (average HuGl)
  2331 | D:3      | Slain by ant87's ghost

Action                   |  1- 3 |  4- 6 || total
-------------------------+-------+-------++-------
Melee: Flail             |   115 |       ||   115
       Mace              |    13 |    88 ||   101
  Use: Scroll            |     2 |     3 ||     5
